 Dungeon Crawl Stone Soup version 0.23.2 (webtiles) character file.

Game seed: 15641865511340117361

2971 sagitran the Carver (level 9, -1/70 HPs)
             Began as a Demonspawn Chaos Knight on Apr 6, 2019.
             Was a Plaything of Xom.
             Slain by an orc warrior
             ... wielding a +0 hand axe
              (16 damage)
             ... on level 8 of the Dungeon.
             The game lasted 00:37:28 (6496 turns).

sagitran the Carver (Demonspawn Chaos Knight)       Turns: 6496, Time: 00:37:28

Health: -1/70      AC:  5    Str: 15    XL:     9   Next: 53%
Magic:  8/8        EV: 24    Int: 12    God:    Xom [..*...]
Gold:   1487       SH:  5    Dex: 22    Spells: 7/8 levels left

rFire    + . .     SeeInvis .   a - +0 falchion (chaos)
rCold    . . .     Gourm    .   (no shield)
rNeg     . . .     Faith    .   b - +2 leather armour
rPois    +         Spirit   .   (helmet restricted)
rElec    .         Reflect  +   o - scarf {cloud immunity}
rCorr    .         Harm     .   (no gloves)
MR       +++..                  (no boots)
Stlth    +++++.....             f - +5 amulet of reflection
HPRegen  0.21/turn              M - ring of Sazyem {MR++ EV+4 Int-2}
MPRegen  0.11/turn              B - ring of stealth

@: agile
A: antennae 1, hooves 2, agile 1, fire resistance 1, low mp 1, magic resistance
1, poison resistance, powered by pain 1, strong 1, wild magic 1
a: Renounce Religion


You were on level 8 of the Dungeon.
You worshipped Xom.
You were a toy of Xom.
You were not hungry.

You visited 1 branch of the dungeon, and saw 8 of its levels.
You also visited: Ossuary.

You collected 1759 gold pieces.
You spent 272 gold pieces at shops.

Inventory:

Hand Weapons
 a - a +0 falchion of chaos (weapon)
 d - a +2 scimitar
 h - a +3 great mace
 F - a cursed +3 scimitar of freezing
Missiles
 J - 2 throwing nets (quivered)
Armour
 b - a +2 leather armour (worn)
 o - a scarf of cloud immunity (worn)
Magical Staves
 y - an uncursed staff of poison
Jewellery
 f - a +5 amulet of reflection (around neck)
 k - an uncursed ring of protection from magic
 x - an uncursed ring of wizardry
 B - a ring of stealth (right hand)
 H - an uncursed ring of fire
 M - the ring of Sazyem (left hand) {MR++ EV+4 Int-2}
   (You found it on level 7 of the Dungeon)

   [ring of evasion]

   It affects your evasion (+4).
   It affects your intelligence (-2).
   It affects your resistance to hostile enchantments.
Wands
 n - a wand of random effects (27)
 p - a wand of iceblast (10)
 r - a wand of disintegration (19)
Scrolls
 g - 6 scrolls of teleportation
 i - 9 scrolls of remove curse
 s - 2 scrolls of amnesia
 u - 3 scrolls of blinking
 w - a scroll of enchant weapon {unknown}
 z - 2 scrolls of fog {unknown}
 C - 2 scrolls of random uselessness {unknown}
 D - 2 scrolls of immolation {unknown}
 G - a scroll of noise {unknown}
 I - a scroll of vulnerability {unknown}
 O - 2 scrolls of identify
Potions
 e - 2 potions of brilliance {unknown}
 j - a potion of heal wounds
 l - a potion of invisibility {unknown}
 m - 2 potions of flight {unknown}
 q - a potion of cancellation {unknown}
 t - a potion of agility {unknown}
 v - 4 potions of curing
 A - 4 potions of haste {unknown}
 E - a potion of berserk rage {unknown}
 K - a potion of magic {unknown}
 L - a potion of ambrosia {unknown}
 N - a potion of resistance {unknown}
Comestibles
 c - 15 rations
 P - a chunk of flesh


   Skills:
 + Level 6.3 Fighting
 + Level 8.0 Long Blades
 + Level 4.6 Armour
 + Level 4.5 Dodging
 + Level 5.1 Stealth
 + Level 1.3 Evocations


You had 7 spell levels left.
You knew the following spells:

 Your Spells              Type           Power        Failure   Level  Hunger
a - Animate Skeleton      Necr           N/A          45%         1    ##.....

Your spell library contained the following spells:

 Spells                   Type           Power        Failure   Level  Hunger
 Apportation              Tloc           #.....       45%         1    ##.....
 Confusing Touch          Hex            #.....       45%         1    ##.....
 Summon Small Mammal      Summ           #...         45%         1    ##.....


Dungeon Overview and Level Annotations

Branches:
Dungeon (8/15)             Temple (0/1) D:4
   Lair: D:8-11

Altars:
Ashenzari
Dithmenos
Fedhas
Gozag
Kikubaaqudgha
Qazlal
Trog
Vehumet
Wu Jian
Xom
Yredelemnul

Shops:
D:4 [*(!   D:7 :

Annotations:
D:5 Menkaure


Innate Abilities, Weirdness & Mutations

You have hoof-like feet.
Your flesh is heat resistant. (rF+)
You sometimes gain a little power by taking damage.
You have a pair of small antennae on your head.
You are agile. (Dex +2)
Your magical capacity is low. (-10% MP)
You are resistant to hostile enchantments. (MR+)
Your system is resistant to poisons. (rPois)
Your muscles are strong. (Str +2)
Your spells are a little harder to cast, but a little more powerful.


Message History

You kick the orc warrior.
The orc warrior is moderately wounded.
The orc warrior hits you with a +0 hand axe.
You hit the orc warrior but do no damage.
Multicoloured lights dance around the orc warrior!
You kick the orc warrior, but do no damage.
The orc warrior is moderately wounded.
The orc warrior hits you with a +0 hand axe!
* * * LOW HITPOINT WARNING * * *
You hit the orc warrior but do no damage.
The orc warrior seems to speed up.
Xom thinks this is hilarious!
The orc warrior is moderately wounded.
You block the orc warrior's attack.
You hit the orc warrior but do no damage.
You kick the orc warrior.
The orc warrior is moderately wounded.
The orc warrior hits you with a +0 hand axe!
You die...
Xom cackles wildly!

####### ### ### #..##.#
#.# ...###.#.####.##
##### #.##.#...#..#.#
#...# #.....##...)#.#
#.#.#
#...##..####)@#######.#.#
. ##..### ##o#..#.##.#.#
#.#.#.# ##)###.##.#.####
###..#####.)).#.#.......#
####..##.)##...).#....###
###..#..###...###.....
###.### ##.......... ###
#..........
......###.....


You could see an orc warrior (petrifying).

Vanquished Creatures
  Grinder (D:5)
  Sigmund (D:5)
  2 orc warriors
  2 phantoms
  A sky beast (D:7)
  A centaur (D:7)
  2 ogres
  An elf zombie (Ossuary)
  A bullfrog (D:7)
  2 scorpions
  4 wights (D:6)
  5 crimson imps
  A centaur zombie (Ossuary)
  2 hounds
  A human zombie (Ossuary)
  A jelly (D:5)
  5 orc priests
  A centaur skeleton (D:5)
  3 bullfrog skeletons
  2 iguanas
  9 orc wizards
  4 worker ants
  4 ogre zombies (Ossuary)
  5 hound skeletons
  7 mummies (Ossuary)
  6 adders
  3 gnolls (D:2)
  A shadow imp (D:5)
  5 adder zombies (Ossuary)
  2 adder skeletons
  3 worms
  A dart slug (D:3)
  10 leopard geckos
  22 orcs
  3 ball pythons
  5 giant cockroaches
  6 goblins
  9 hobgoblins
  14 jackals
  2 quokkas
  10 bats
  2 frilled lizards
  2 goblin zombies (Ossuary)
  5 hobgoblin zombies (Ossuary)
  8 kobolds
  An orc zombie (Ossuary)
  8 quokka zombies
  5 rats
  4 rat zombies
  A butterfly (D:2)
206 creatures vanquished.

Vanquished Creatures (collateral kills)
  A wight (D:6)
  A worker ant (D:6)
2 creatures vanquished.

Vanquished Creatures (others)
  A gnoll zombie (Ossuary)
  4 toadstools (D:1)
5 creatures vanquished.

Grand Total: 213 creatures vanquished

Notes
Turn   | Place    | Note
-------+----------+-------------------------------------------
     0 | D:1      | sagitran the Demonspawn Chaos Knight began the quest for
                  | the Orb.
     0 | D:1      | Reached XP level 1. HP: 18/18 MP: 1/1
    54 | D:1      | XOM: silly message
   213 | D:1      | Reached skill level 3 in Long Blades
   284 | D:1      | XOM: harmless Summ miscast
   324 | D:1      | Gained mutation: You have large cloven feet. [demonic
                  | ancestry]
   324 | D:1      | Reached XP level 2. HP: 21/24 MP: 2/2
   329 | D:1      | XOM: give mutation
   329 | D:1      | Gained mutation: You evolve. [Xom's grace]
   342 | D:1      | XOM: smoke on damage
   345 | D:1      | XOM: scenery: 1 doors open
   424 | D:1      | Reached skill level 1 in Dodging
   648 | D:2      | Gained mutation: Your flesh is heat resistant. (rF+)
                  | [demonic ancestry]
   648 | D:2      | Reached XP level 3. HP: 25/29 MP: 3/3
   807 | D:2      | Found a basalt altar of Yredelemnul.
   929 | D:2      | XOM: 1-stop teleportation journey
   965 | D:2      | Found a shimmering altar of Xom.
   977 | D:2      | XOM: god gift: 12 gold pieces
  1027 | D:2      | Gained mutation: Your magical capacity is low. (-10% MP)
                  | [evolution]
  1149 | D:2      | XOM: give mutations
  1149 | D:2      | Gained mutation: You have hoof-like feet. [Xom's grace]
  1149 | D:2      | Gained mutation: You are agile. (Dex +2) [Xom's grace]
  1320 | D:2      | Mutation became permanent: You have large cloven feet.
                  | [demonic ancestry]
  1320 | D:2      | Gained mutation: You have hoof-like feet. [demonic
                  | ancestry]
  1320 | D:2      | Reached XP level 4. HP: 14/35 MP: 3/3
  1352 | D:2      | XOM: polymorph gnoll -> bat
  1370 | D:2      | Found a bloodstained altar of Trog.
  1610 | D:3      | XOM: smoke on damage
  1662 | D:3      | Reached XP level 5. HP: 17/41 MP: 4/4
  1726 | D:3      | Found a radiant altar of Vehumet.
  1811 | D:3      | Reached skill level 4 in Long Blades
  1856 | D:3      | Found a shattered altar of Ashenzari.
  1946 | D:3      | XOM: noise
  2042 | D:3      | XOM: god gift: 990 gold pieces
  2047 | D:3      | Found an opulent altar of Gozag.
  2079 | D:3      | XOM: silly message
  2329 | D:4      | Reached XP level 6. HP: 36/48 MP: 5/5
  2390 | D:4      | Found Lutiram's Armour Boutique.
  2408 | D:4      | Reached skill level 1 in Stealth
  2433 | D:4      | Found Igast's General Store.
  2454 | D:4      | Bought a scroll of remove curse for 36 gold pieces
  2454 | D:4      | Bought 2 scrolls of blinking for 180 gold pieces
  2477 | D:4      | Noticed an air elemental
  2479 | D:4      | Found a stormy altar of Qazlal.
  2480 | D:4      | Noticed a water elemental
  2480 | D:4      | Noticed a fire elemental
  2490 | D:4      | XOM: give mutations
  2490 | D:4      | Gained mutation: You are very agile. (Dex +4) [Xom's grace]
  2490 | D:4      | Gained mutation: You are resistant to hostile enchantments.
                  | (MR+) [Xom's grace]
  2490 | D:4      | Gained mutation: You are robust. (+10% HP) [Xom's grace]
  2490 | D:4      | Gained mutation: Your muscles are strong. (Str +2) [Xom's
                  | grace]
  2509 | D:4      | Found Oblis's Antique Weapon Shop.
  2581 | D:4      | XOM: cast spell 'Cause Fear'
  2604 | D:4      | Reached skill level 5 in Long Blades
  2701 | D:4      | Found Wusasozo's Distillery.
  2709 | D:4      | Bought a potion of curing for 42 gold pieces
  2709 | D:4      | Bought a potion of degeneration for 14 gold pieces
  2722 | D:4      | Found a staircase to the Ecumenical Temple.
  2888 | D:5      | Entered Level 5 of the Dungeon
  2892 | D:5      | Noticed Grinder
  2894 | D:5      | Paralysed by Grinder for 5 turns
  2899 | D:5      | XOM: smoke on damage
  2901 | D:5      | Found a blossoming altar of Fedhas.
  2907 | D:5      | XOM: divination: detect creatures
  2919 | D:5      | Killed Grinder
  2919 | D:5      | Reached XP level 7. HP: 45/60 MP: 6/6
  3028 | D:5      | XOM: give mutations
  3028 | D:5      | Gained mutation: Your spells are a little harder to cast,
                  | but a little more powerful. [Xom's grace]
  3028 | D:5      | Gained mutation: Your system is resistant to poisons.
                  | (rPois) [Xom's grace]
  3028 | D:5      | Gained mutation: You have a pair of small antennae on your
                  | head. [Xom's grace]
  3070 | D:5      | XOM: 4-stop teleportation journey
  3198 | D:5      | Noticed Menkaure
  3228 | D:5      | Found a shadowy altar of Dithmenos.
  3326 | D:5      | Found an ornate altar of the Wu Jian Council.
  3396 | D:5      | XOM: polymorph hound -> jelly
  3400 | D:5      | XOM: enchant monster (good)
  3460 | D:5      | Noticed Sigmund
  3462 | D:5      | XOM: divination: magic mapping
  3468 | D:5      | Killed Sigmund
  3468 | D:5      | Reached skill level 6 in Long Blades
  3468 | D:5      | Gained mutation: You sometimes gain a little power by
                  | taking damage. [demonic ancestry]
  3468 | D:5      | Reached XP level 8. HP: 57/67 MP: 7/7
  3588 | D:6      | Reached skill level 5 in Fighting
  3597 | D:6      | XOM: noise
  3747 | D:6      | XOM: chaos cloud
  3830 | D:6      | XOM: summons friendly white imp
  3837 | D:6      | Found a sand-covered staircase.
  3845 | Ossuary  | Entered an ossuary
  4118 | Ossuary  | XOM: god gift: weird jewelled staff {god gift}
  4119 | Ossuary  | XOM: confuse monster(s)
  4126 | Ossuary  | Reached skill level 7 in Long Blades
  4130 | Ossuary  | XOM: scenery: 1 doors open, 1 doors close
  4261 | Ossuary  | XOM: god gift: 36 gold pieces
  4341 | Ossuary  | XOM: swap monsters
  4428 | D:6      | XOM: give mutations
  4428 | D:6      | Lost mutation: You are very agile. (Dex +4) [Xom's
                  | mischief]
  4428 | D:6      | Lost mutation: You are robust. (+10% HP) [Xom's mischief]
  4428 | D:6      | Lost mutation: You evolve. [Xom's mischief]
  4589 | D:6      | XOM: 1-stop teleportation journey
  4611 | D:6      | XOM: harmless Erth miscast
  4769 | D:6      | Reached skill level 1 in Evocations
  4769 | D:6      | Reached XP level 9. HP: 36/69 MP: 8/8
  5120 | D:7      | XOM: fake destruction
  5375 | D:7      | XOM: mild Summ miscast
  5451 | D:7      | Found Geor's Book Emporium.
  5458 | D:7      | Learned a level 1 spell: Animate Skeleton
  5639 | D:7      | Found an ancient bone altar of Kikubaaqudgha.
  5750 | D:7      | Got a sparkling tin ring
  5759 | D:7      | Identified the ring of Sazyem {MR++ EV+4 Int-2} (You found
                  | it on level 7 of the Dungeon)
  5913 | D:7      | XOM: harmless Necr miscast
  6385 | D:8      | Reached skill level 5 in Stealth
  6432 | D:8      | XOM: noise
  6436 | D:8      | Reached skill level 8 in Long Blades
  6496 | D:8      | Slain by an orc warrior

Skill      XL: |  1  2  3  4  5  6  7  8  9 |
---------------+----------------------------+-----
Long Blades    | 3 4 5 6 7 8 |  8.0
Armour         | 2 3 4 |  4.6
Dodging        | 1 2 3 4 |  4.5
Stealth        | 1 2 4 5 |  5.1
Fighting       | 4 5 6 |  6.3
Evocations     | 1 |  1.3

Action                   |  1- 3 |  4- 6 |  7- 9 || total
-------------------------+-------+-------+-------++-------
Melee: Falchion          |   119 |   191 |   363 ||   673
       Kick              |    24 |    70 |   168 ||   262
Evoke: Wand              |     4 |       |     8 ||    12
  Use: Potion            |       |     2 |     6 ||     8
       Scroll            |       |       |     9 ||     9
 Stab: Confused          |     2 |       |     6 ||     8
       Sleeping          |       |     2 |    17 ||    19
       Paralysed         |       |     2 |     7 ||     9
       Petrifying        |       |       |     1 ||     1
       Distracted        |       |       |     1 ||     1
  Eat: Chunk             |     1 |     6 |     5 ||    12
       Ration            |       |       |     2 ||     2
Armor: Leather armour    |    71 |    63 |    71 ||   205
Dodge: Dodged            |   120 |   144 |   213 ||   477
Block: Other             |       |       |    16 ||    16
       Rpst.: Falchion   |    33 |    42 |    56 ||   131
